 Dungeon Crawl Stone Soup version 0.24.0 (webtiles) character file.

Game seed: 12238218945172837322, levelgen mode: deterministic

585 Mrkan the Archer (level 7, 0/60 HPs)
             Began as a Centaur Hunter on Oct 25, 2019.
             Was a Follower of Fedhas.
             Slain by an orc priest
             ... wielding a +0 mace
              (3 damage)
             ... on level 5 of the Dungeon.
             The game lasted 00:12:25 (4574 turns).

Mrkan the Archer (Centaur Hunter)                   Turns: 4574, Time: 00:12:25

Health: 0/60       AC:  7    Str: 16    XL:     7   Next: 14%
Magic:  7/7        EV:  7    Int: 10    God:    Fedhas [*.....]
Gold:   202        SH:  0    Dex: 10    Spells: 6/6 levels left

rFire    x . .     SeeInvis .   b - +0 halberd
rCold    + + .     Gourm    .   (shield currently unavailable)
rNeg     . . .     Faith    .   p - +0 ice dragon scales
rPois    .         Spirit   .   (no helmet)
rElec    .         Reflect  .   (no cloak)
rCorr    .         Harm     .   (no gloves)
MR       .....                  (no barding)
Stlth    ..........             (no amulet)
HPRegen  0.20/turn              (no ring)
MPRegen  0.10/turn              (no ring)

@: very quick
A: large, hooves 3, deformed body, speed 2, tough skin 3
a: Renounce Religion


You were on level 5 of the Dungeon.
You worshipped Fedhas.
Fedhas was aware of your devotion.
You were not hungry.

You visited 1 branch of the dungeon, and saw 5 of its levels.

You collected 202 gold pieces.

Inventory:

Hand Weapons
 a - a +1 shortbow
 b - a +0 halberd (weapon)
 y - a +1 morningstar of holy wrath
Missiles
 d - 21 arrows
 e - 164 stones
 g - 2 curare-tipped darts (quivered)
Armour
 c - a +0 leather armour
 n - a +2 robe of the Archmagi
 p - +0 ice dragon scales (worn)
Magical Staves
 o - an uncursed staff of earth {unknown}
Jewellery
 l - an uncursed ring of wizardry {unknown}
 q - a +2 ring of evasion {unknown}
 s - an uncursed ring of wizardry {unknown}
 t - an uncursed ring of fire {unknown}
 u - a +3 ring of intelligence {unknown}
Wands
 w - a wand of clouds (3)
Scrolls
 h - 8 scrolls of identify {unknown}
 i - a scroll of fog {unknown}
 j - 2 scrolls of enchant armour {unknown}
 k - 3 scrolls of teleportation {unknown}
 m - 4 scrolls of remove curse {unknown}
 v - 3 scrolls of enchant weapon {unknown}
 A - a scroll of amnesia {unknown}
Potions
 x - 2 potions of haste
 B - a potion of mutation {unknown}
 C - 2 potions of might {unknown}
Comestibles
 f - 8 rations
 z - 4 chunks of flesh


   Skills:
 + Level 4.7 Fighting
 * Level 9.8 Bows
 - Level 1.3 Dodging
 - Level 0.4 Stealth


You had 6 spell levels left.
You didn't know any spells.
Your spell library contained the following spells:

 Spells                   Type           Power        Failure   Level  Hunger
 Flame Tongue             Conj/Fire      #....        89%         1    ##.....
 Magic Dart               Conj           #...         89%         1    ##.....
 Blink                    Tloc           N/A          96%         2    ###....
 Call Imp                 Summ           #.......     96%         2    ###....
 Slow                     Hex            #.......     96%         2    ###....
 Throw Flame              Conj/Fire      #.....       96%         2    ###....
 Conjure Flame            Conj/Fire      #.......     99%         3    ####...
 Inner Flame              Hex/Fire       #.......     99%         3    ####...
 Mephitic Cloud           Conj/Pois/Air  #.......     99%         3    ####...
 Sticky Flame             Conj/Fire      #.......     100%        4    #####..
 Fireball                 Conj/Fire      #.........   100%        5    ######.


Dungeon Overview and Level Annotations

Branches:
Dungeon (5/15)
 Temple: D:4-7

Altars:
Ashenzari
Cheibriados
Fedhas
Kikubaaqudgha
Nemelex Xobeh
Qazlal
Ru
Sif Muna
Trog
Vehumet

Annotations:
D:4 3 runed translucent doors, smzp's ghost, amateur HOFi


Innate Abilities, Weirdness & Mutations

You have hooves in place of feet.
Armour fits poorly on your strangely shaped body.
You cover ground very quickly.
You have extremely tough skin. (AC +3)


Message History

The orc priest barely misses you.
You hit the orc priest but do no damage.
The orc priest hits you but does no damage.
You barely miss the orc priest. Your kick misses the orc priest.
The orc priest hits you with a +0 mace.
* * * LOW HITPOINT WARNING * * *
Your ice dragon scales prevents you from hitting the orc priest.
Your kick misses the orc priest.
The orc priest looks braver for a moment.
The orc priest hits you with a +0 mace.
* * * LOW HITPOINT WARNING * * *
You hit the orc priest. You kick the orc priest.
The orc priest is moderately wounded.
The orc priest hits you but does no damage.
You barely miss the orc priest.
You kick the orc priest, but do no damage.
The orc priest is lightly wounded.
The orc priest hits you with a +0 mace.
You die...
Fedhas appreciates your contribution to the ecosystem.

#.
....).....###.#
#. #.........#
#. #...#.#####
#. #..##.# #.
#..##.#
######.###
#..##.# .
......).o#
#<)##.###.#
......o#o#
#..##......
########@#
#...))....# #.#
##.########
#.#######.#
#.........#
###########


You could see an orc priest and an orc.

Vanquished Creatures
  2 ogres (D:4)
  A bullfrog (D:4)
  2 iguanas
  An orc wizard (D:5)
  Jessica (D:2)
  Terence (D:3)
  A worker ant (D:4)
  4 gnolls (D:4)
  7 adders
  An adder skeleton (D:4)
  A worm (D:2)
  2 dart slugs
  5 leopard geckos
  6 orcs
  3 giant cockroaches (D:1)
  12 goblins
  8 hobgoblins
  6 jackals
  A quokka (D:2)
  5 bats
  4 frilled lizards
  3 kobolds
  A leopard gecko skeleton (D:5)
  6 rats
84 creatures vanquished.

Notes
Turn   | Place    | Note
-------+----------+-------------------------------------------
     0 | D:1      | Mrkan the Centaur Hunter began the quest for the Orb.
     0 | D:1      | Reached XP level 1. HP: 17/17 MP: 1/1
    94 | D:1      | Reached XP level 2. HP: 6/24 MP: 2/2
   684 | D:1      | Reached skill level 6 in Bows
  1239 | D:2      | Found a snail-covered altar of Cheibriados.
  1253 | D:2      | Reached XP level 3. HP: 23/30 MP: 3/3
  1264 | D:2      | Noticed Jessica
  1320 | D:2      | Killed Jessica
  1644 | D:2      | Reached XP level 4. HP: 35/38 MP: 4/4
  1861 | D:2      | Reached skill level 7 in Bows
  2076 | D:2      | Found a shimmering blue altar of Sif Muna.
  2083 | D:2      | Found a sacrificial altar of Ru.
  2088 | D:2      | Found a blossoming altar of Fedhas.
  2092 | D:2      | Became a worshipper of Fedhas Madash
  2102 | D:2      | Found an ancient bone altar of Kikubaaqudgha.
  2109 | D:2      | Found a shattered altar of Ashenzari.
  2114 | D:2      | Found a bloodstained altar of Trog.
  2121 | D:2      | Found a radiant altar of Vehumet.
  2505 | D:3      | Noticed Terence
  2527 | D:3      | Reached XP level 5. HP: 30/45 MP: 5/5
  2538 | D:3      | Killed Terence
  2655 | D:3      | Found a sparkling altar of Nemelex Xobeh.
  3372 | D:4      | Reached skill level 8 in Bows
  3511 | D:4      | Noticed an ogre
  3534 | D:4      | Killed an ogre
  3534 | D:4      | Reached XP level 6. HP: 52/52 MP: 6/6
  3779 | D:4      | Reached * piety under Fedhas
  3876 | D:4      | Reached skill level 9 in Bows
  4185 | D:4      | Found a runed translucent gate.
  4186 | D:4      | Found a runed translucent gate.
  4186 | D:4      | Found a runed translucent gate.
  4188 | D:4      | Noticed smzp's ghost (amateur HOFi)
  4292 | D:4      | Found a stormy altar of Qazlal.
  4394 | D:5      | Entered Level 5 of the Dungeon
  4449 | D:4      | Reached XP level 7. HP: 25/60 MP: 7/7
  4572 | D:5      | HP: 3/60 [orc priest/+0 mace (5)]
  4574 | D:5      | Slain by an orc priest

Levels and vault maps discovered:
D:1:      wander_arrival_desolate, layout_basic, minmay_tromino_v7
D:2:      lemuel_upstairs_altar, layout_loops_cross, cheibriados_altar_1,
          grunt_temple_overflow_octagram, uniq_jessica
D:3:      layout_loops_corners, nemelex_xobeh_ov_fountains_minmay, uniq_terence
D:4:      layout_loops_ring, gammafunk_ghost_necromancy,
          nicolae_qazlal_eye_of_the_storm
D:5:      layout_loops_ring, first_ration, kennysheep_generic_room_15
